 Dungeon Crawl Stone Soup version 0.30-a0-743-gbfdf073431 (webtiles) character file.

Game seed: 4436257272406406683

358 pokeman the Magician (level 6, -4/34 HPs)
             Began as a Deep Elf Hedge Wizard on Feb 5, 2023.
             Slain by an orc
             ... wielding a +0 whip
              (6 damage)
             ... on level 5 of the Dungeon.
             The game lasted 00:05:04 (3883 turns).

pokeman the Magician (Deep Elf Hedge Wizard)        Turns: 3883, Time: 00:05:05

Health: -4/34      AC:  2    Str:  7    XL:     6   Next: 37%
Magic:  9/26       EV: 13    Int: 21    God:
Gold:   236        SH:  0    Dex: 14    Spells: 10/18 levels left

rFire   . . .      SeeInvis .    z - +0 war axe
rCold   . . .      Faith    .    (no shield)
rNeg    . . .      Spirit   .    b - +0 robe
rPois   +          Reflect  .    c - +0 hat
rElec   .          Harm     .    (no cloak)
rCorr   .          Rampage  .    (no gloves)
Will    .....                    (no boots)
Stlth   ++                       (no amulet)
HPRegen 0.25/turn                e - ring of magical power
MPRegen 0.20/turn                y - ring of poison resistance

@: no status effects
A: no striking features
a: no special abilities


You were on level 5 of the Dungeon.
You visited 2 branches of the dungeon, and saw 6 of its levels.

You collected 236 gold pieces.

Inventory:

Hand Weapons
 z - a +0 war axe (weapon)
Armour
 b - a +0 robe (worn)
 c - a +0 hat (worn)
Magical Staves
 l - a staff of cold
 w - a staff of fire
Jewellery
 e - a ring of magical power (left hand)
 y - a ring of poison resistance (right hand)
Wands
 o - a wand of paralysis (13)
 u - a wand of polymorph (7)
Scrolls
 f - 2 scrolls of teleportation {unknown}
 g - 2 scrolls of identify {unknown}
 h - 3 scrolls of enchant weapon {unknown}
 j - 3 scrolls of vulnerability {unknown}
 n - a scroll of enchant armour {unknown}
 s - a scroll of immolation {unknown}
 t - a scroll of silence {unknown}
 x - a scroll of noise {unknown}
Potions
 d - a potion of magic
 i - a potion of attraction {unknown}
 k - 2 potions of haste {unknown}
 m - a potion of curing {unknown}
 p - a potion of degeneration {unknown}
 q - a potion of invisibility {unknown}
 r - a potion of berserk rage {unknown}
 v - 2 potions of mutation {unknown}


   Skills:
 - Level 1.0 Fighting
 - Level 1.0 Armour
 - Level 3.0 Dodging
 - Level 3.0 Stealth
 * Level 6.6 Spellcasting
 + Level 4.4 Conjurations
 - Level 1.1 Summonings
 - Level 1.1 Translocations
 + Level 0.0 Fire Magic
 - Level 1.1 Ice Magic
 + Level 0.0 Poison Magic
 - Level 1.0 Evocations


You had 10 spell levels left.
You knew the following spells:

 Your Spells              Type           Power      Damage    Failure   Level
a - Magic Dart            Conj           100%       1d8       1%          1
b - Mephitic Cloud        Conj/Pois/Air  13%        N/A       16%         3
c - Call Imp              Summ           11%        N/A       9%          2
d - Blink                 Tloc           22%        N/A       9%          2

Your spell library contained the following spells:

 Spells                   Type           Power      Damage    Failure   Level
 Slow                     Hex            24%        N/A       10%         1
 Cigotuvi's Dreadful Rot  Necr/Pois/Air  14%        N/A       14%         2


Dungeon Overview and Level Annotations

Branches:
Dungeon (5/15)             Temple (1/1) D:4

Altars:
Ashenzari
Cheibriados
Elyvilon
Fedhas
Gozag
Hepliaklqana
Kikubaaqudgha
Nemelex Xobeh
Okawaru
Qazlal
Sif Muna
Trog
Xom
Yredelemnul
The Shining One


Message History

The magic dart hits the shadow imp.
You kill the shadow imp!
Casting: Magic Dart (safe; 1% risk of failure)
Confirm with . or Enter, or press ? or * to list all spells.
Aiming: Magic Dart (safe; 1% risk of failure)
Press: ? - help, Shift-Dir - straight line, f - orc
Aim: an orc, wielding a +0 dagger (100% to hit)
The magic dart hits the orc!
The orc is almost dead.
The orc barely misses you.
Casting: Magic Dart (safe; 1% risk of failure)
Confirm with . or Enter, or press ? or * to list all spells.
Aiming: Magic Dart (safe; 1% risk of failure)
Press: ? - help, Shift-Dir - straight line, f/p - orc
Aim: an orc, wielding a +0 dagger (almost dead, 100% to hit)
The magic dart hits the orc.
You kill the orc!
Casting: Magic Dart (safe; 1% risk of failure)
Confirm with . or Enter, or press ? or * to list all spells.
The spell is quite dangerous to miscast (16% risk of failure)!
Continue anyway?
Aiming: Mephitic Cloud (quite dangerous; 16% risk of failure)
Press: ? - help, Shift-Dir - straight line, f - ogre
Aim: an ogre, wielding a +0 giant club (chance to affect: 77%)
The ball explodes into a vile cloud!
The stinking cloud engulfs the ogre but does no damage.
The ogre is engulfed in noxious fumes.
The ogre appears confused.
Casting: Mephitic Cloud (quite dangerous; 16% risk of failure)
Confirm with . or Enter, or press ? or * to list all spells.
A beastly little devil appears in a puff of flame.
The ogre is engulfed in noxious fumes.
The ogre appears confused.
An orc comes into view. It is wielding a +0 whip.
The orc shouts!
You hit the ogre.
The ogre is moderately wounded.
The ogre hits you with a +0 giant club!
Ouch! That really hurt!
* * * LOW HITPOINT WARNING * * *
Your crimson imp completely misses the ogre.
The orc attacks as you move away! The orc hits you with a +0 whip.
You die...

. ..# ...! # ....
######### #
..?#.°######....)..#####
#..°°O@................
###..o5####.......#####
##.#.# #.......# # #.#.#
#...†...# # #..
#.......# ### #########


You could see an ogre (confused, ally target), an orc and a friendly crimson imp
(summoned).

Vanquished Creatures
  A black bear (D:4)
  2 howler monkeys
  A hound (D:5)
  8 adders
  A gnoll (D:1)
  A shadow imp (D:5)
  2 dart slugs
  3 orcs
  6 ball pythons
  7 endoplasms
  5 giant cockroaches
  2 goblins
  6 hobgoblins
  7 jackals
  2 quokkas
  5 bats
  3 frilled lizards
  5 kobolds
  8 rats
75 creatures vanquished.

Notes
Turn   | Place    | Note
-------+----------+-------------------------------------------
     0 | D:1      | pokeman the Deep Elf Hedge Wizard began the quest for the
                  | Orb.
     0 | D:1      | Reached XP level 1. HP: 10/10 MP: 7/7
   224 | D:1      | Reached XP level 2. HP: 16/16 MP: 9/9
   588 | D:1      | Reached skill level 5 in Spellcasting
   936 | D:2      | Reached XP level 3. HP: 20/20 MP: 11/11
   940 | D:2      | Learned a level 3 spell: Mephitic Cloud
   943 | D:2      | Learned a level 2 spell: Call Imp
   947 | D:2      | Learned a level 2 spell: Blink
  1173 | D:2      | Reached skill level 1 in Fighting
  1201 | D:2      | Found a basalt altar of Yredelemnul.
  1385 | D:2      | Reached skill level 1 in Armour
  1900 | D:3      | Reached XP level 4. HP: 25/25 MP: 13/13
  2354 | D:3      | Found an iron altar of Okawaru.
  2546 | D:4      | Noticed a black bear
  2570 | D:4      | Killed a black bear
  2571 | D:4      | Reached XP level 5. HP: 22/29 MP: 5/15
  2676 | D:4      | Reached skill level 6 in Spellcasting
  2813 | D:4      | Found a staircase to the Ecumenical Temple.
  2823 | Temple   | Entered the Ecumenical Temple
  3304 | D:4      | Reached XP level 6. HP: 33/34 MP: 17/17
  3597 | D:4      | Found a shimmering altar of Xom.
  3669 | D:4      | Found an opulent altar of Gozag.
  3713 | D:5      | Entered Level 5 of the Dungeon
  3869 | D:5      | Reached skill level 1 in Ice Magic
  3869 | D:5      | Reached skill level 1 in Evocations
  3883 | D:5      | Slain by an orc

Illustrated notes

Levels and vault maps discovered:
D:1:      mrwooster_arrival_statue_3, layout_loops_ring
D:2:      layout_loops_ring, basic_altar
D:3:      layout_rooms, okawaru_metal_pillars_1_2
D:4:      layout_basic, lemuel_coloured_pillars_altar,
          nicolae_overflow_hidden_temple, minmay_temple_entry_statues_fountains
D:5:      layout_basic
Temple:   hellmonk_temple_flake

Skill      XL: |  1  2  3  4  5  6 |
---------------+-------------------+-----
Spellcasting   | 5 6 |  6.6
Fighting       | 1 |  1.0
Conjurations   | 2 4 |  4.4
Armour         | 1 |  1.0
Dodging        | 3 |  3.0
Stealth        | 3 |  3.0
Ice Magic      | 1 |  1.1
Evocations     | 1 |  1.0
Summonings     | |  1.1
Translocations | |  1.1

Action                     |  1- 3 |  4- 6 || total
---------------------------+-------+-------++-------
  Melee: Dagger            |       |     4 ||     4
         War axe           |       |     1 ||     1
   Cast: Magic Dart        |   109 |   113 ||   222
         Mephitic Cloud    |       |     3 ||     3
         Call Imp          |       |     2 ||     2
 Armour: Robe              |     2 |     5 ||     7
  Dodge: Dodged            |    14 |    29 ||    43

Table legend: (Time is in decaauts)
 A = Elapsed time spent in this place.
 B = Non-inter-level travel time spent in this place.
 C = Inter-level travel time spent in this place.
 D = Time resting spent in this place.
 E = Time spent auto-exploring this place.
 F = Levels seen in this place.
 G = Mean time per level.
                   A        B        C        D        E       F      G
               +--------+--------+--------+--------+--------+-----+--------+
         Total |   3881 |   3799 |     82 |      0 |   3365 |   6 |  646.8 |
       Dungeon |   3731 |   3658 |     73 |      0 |   3238 |   5 |  746.2 |
        Temple |    149 |    140 |      9 |      0 |    127 |   1 |  149.0 |
               +--------+--------+--------+--------+--------+-----+--------+

Top non-repeatable levels by time:
     D:4: 1031 daAuts
     D:2: 944 daAuts
     D:1: 911 daAuts
     D:3: 673 daAuts
     D:5: 169 daAuts
  Temple: 149 daAuts
